 Dungeon Crawl Stone Soup version 0.28.0-53-g5a82cb258f (webtiles) character file.

Game seed: 2280017533413279461

684932 Infinimo the Skullcrusher (level 27, -4/139 (199) HPs)
             Began as a Gargoyle Berserker on June 14, 2022.
             Was the Champion of the Shining One.
             Killed from afar by a Hell Sentinel (35 damage)
             ... with damnation
             ... on level 7 of the Iron City of Dis.
             The game lasted 02:00:19 (80899 turns).

Infinimo the Skullcrusher (Gargoyle Berserker)     Turns: 80899, Time: 02:00:20

HP:   -4/139 (199)  AC: 61    Str: 32 (35) XL:     27
MP:   33/35         EV:  9    Int:  8      God:    the Shining One [******]
Gold: 9980          SH: 35    Dex:  7 (9)  Spells: 26/26 levels left

rFire   + + +      SeeInvis .   X - +9 eveningstar (vorpal)
rCold   + + .      Faith    .   b - +2 shield of Resistance {rF++ rC++ Will++}
rNeg    + + +      Spirit   .   p - +9 crystal plate armour
rPois   ∞          Reflect  .   (helmet restricted)
rElec   +          Harm     .   R - scarf {repulsion}
rCorr   .          Rampage  .   U - +3 pair of gauntlets of War {Slay+5}
Will    +++++                   s - +1 pair of boots of Daisies {Slay+3}
Stlth   ..........              Y - amulet of Ateferal {rF+ Regen+}
HPRegen 1.13/turn               D - +4 ring of slaying
MPRegen 0.24/turn               O - ring "Siver" {Will+ Slay+6}

@: divinely shielded, about to teleport, flying, glowing, studying Crossbows,
very heavily drained, repel missiles, corroded
A: sickness immunity, AC +20, big wings, negative energy resistance 1,
electricity resistance, torment resistance 1, petrification resistance, antennae
1, large bone plates 1, sturdy frame 1
}: 4/15 runes: barnacled, silver, obsidian, gossamer
a: Renounce Religion, Divine Shield, Cleansing Flame, Summon Divine Warrior


You were on level 7 of the Iron City of Dis.
You worshipped the Shining One.
The Shining One was exalted by your worship.
You visited 13 branches of the dungeon, and saw 62 of its levels.
You visited 1 bazaar.
You also visited: Ossuary, Bailey and Ice Cave.

You collected 12377 gold pieces.
You spent 2397 gold pieces at shops.

Inventory:

Hand Weapons
 K - a +9 sacred scourge of holy wrath
 P - the +7 sceptre of Asmodeus
   (You took it off Asmodeus on level 7 of Gehenna)

   It can be evoked to summon fiery demons, with success rate depending on
   Evocations skill.
   Those summoned this way will remain friendly only for a limited time.
   The Shining One disapproves of the use of such an item.
 X - a +9 vorpal eveningstar (weapon)
Missiles
 W - 4 throwing nets (quivered)
Armour
 b - the +2 shield of Resistance (worn) {rF++ rC++ Will++}
   (You found it on level 11 of the Dungeon)

   rF:        It greatly protects you from fire.
   rC:        It greatly protects you from cold.
   Will:      It greatly increases your willpower.
 c - a +0 pair of boots
 g - a +0 helmet of see invisible
 p - a +9 crystal plate armour (worn)
 s - the +1 pair of boots of Daisies (worn) {Slay+3}
   (You found it on level 7 of the Iron City of Dis)

   Slay:      It affects your accuracy & damage with ranged weapons and melee
   (+3).
 R - a scarf of repulsion (worn)
 U - the +3 pair of gauntlets of War (worn) {Slay+5}
   (You found it on level 4 of the Spider Nest)

   Slay:      It affects your accuracy & damage with ranged weapons and melee
   (+5).
Jewellery
 x - a ring of resist corrosion
 D - a +4 ring of slaying (left hand)
 O - the ring "Siver" (right hand) {Will+ Slay+6}
   (You acquired it on level 11 of the Dungeon)

   [ring of willpower]

   Slay:      It affects your accuracy & damage with ranged weapons and melee
   (+6).
   Will:      It increases your willpower.
 Y - the amulet of Ateferal (around neck) {rF+ Regen+}
   (You took it off a deep elf demonologist on level 3 of the Elven Halls)

   [amulet of regeneration]

   rF:        It protects you from fire.
   Regen:     It increases your rate of health regeneration.
Wands
 i - a wand of digging (6)
 v - a wand of flame (69)
 y - a wand of iceblast (15)
 C - a wand of paralysis (22)
 E - a wand of polymorph (22)
 F - a wand of charming (40)
 J - a wand of mindburst (10)
 L - a wand of acid (33)
Scrolls
 d - 11 scrolls of fog
 f - 6 scrolls of blinking
 j - 2 scrolls of enchant armour
 l - 6 scrolls of enchant weapon
 q - 3 scrolls of summoning
 z - 6 scrolls of fear
 G - 4 scrolls of teleportation
 H - 2 scrolls of brand weapon
 I - 2 scrolls of silence
 M - 2 scrolls of holy word
 T - 3 scrolls of magic mapping
Potions
 a - 10 potions of berserk rage
 e - 10 potions of haste
 h - 4 potions of brilliance
 k - 4 potions of resistance
 m - 8 potions of heal wounds
 n - 9 potions of degeneration
 o - 28 potions of curing
 r - 5 potions of cancellation
 t - 5 potions of attraction
 u - 4 potions of invisibility
 A - 14 potions of ambrosia
 B - 7 potions of mutation
 N - 5 potions of magic
 V - 4 potions of might


   Skills:
 O Level 27 Fighting
 O Level 27 Maces & Flails
 O Level 27 Armour
 - Level 1.5 Dodging
 + Level 25.5 Shields
 + Level 16.9 Invocations


You had 26 spell levels left.
You didn't know any spells.
Your spell library contained the following spells:

 Spells                   Type           Power      Damage    Failure   Level
 Magic Dart               Conj           0%         1d3       86%         1
 Shock                    Conj/Air       0%         1d3       86%         1
 Corpse Rot               Necr/Air       0%         N/A       95%         2
 Poisonous Vapours        Pois/Air       0%         N/A       95%         2
 Searing Ray              Conj           0%         2d4       95%         2
 Dazzling Flash           Conj/Hex       0%         N/A       99%         3
 Gell's Gravitas          Tloc           0%         N/A       99%         3
 Ignite Poison            Fire/Tmut/Pois 0%         N/A       99%         3
 Lesser Beckoning         Tloc           0%         N/A       99%         3
 Mephitic Cloud           Conj/Pois/Air  0%         N/A       99%         3
 Ozocubu's Armour         Ice            0%         N/A       99%         3
 Teleport Other           Tloc           0%         N/A       99%         3
 Animate Dead             Necr           0%         N/A       100%        4
 Fulminant Prism          Conj/Hex       0%         3d6       100%        4
 Iskenderun's Mystic Bla  Conj/Tloc      0%         2d3       100%        4
 Leda's Liquefaction      Hex/Erth       0%         N/A       100%        4
 Borgnjor's Vile Clutch   Necr/Erth      0%         N/A       100%        5
 Freezing Cloud           Conj/Ice/Air   0%         6-21      100%        5
 Lee's Rapid Deconstruct  Erth           0%         3d5*      100%        5
 Conjure Ball Lightning   Conj/Air       0%         3x3d6     100%        6
 Death Channel            Necr           0%         N/A       100%        6
 Eringya's Noxious Bog    Tmut/Pois      0%         N/A       100%        6
 Simulacrum               Ice/Necr       0%         N/A       100%        6
 Starburst                Conj/Fire      0%         6d3       100%        6
 Ozocubu's Refrigeration  Ice            0%         4d5       100%        7
 Polar Vortex             Ice            0%         N/A       100%        9
 Shatter                  Erth           0%         3d5*      100%        9
 Statue Form              Tmut/Erth      Unusable   N/A       N/A         6

Dungeon Overview and Level Annotations

Branches:
Dungeon (15/15)            Temple (1/1) D:7            Lair (6/6) D:10
 Shoals (4/4) Lair:4       Spider (4/4) Lair:3        Slime (0/5) Lair:5
    Orc (2/2) D:12            Elf (3/3) Orc:2        Vaults (5/5) D:13
  Crypt (3/3) Vaults:2       Tomb (0/3) Crypt:3      Depths (4/4) D:15
   Hell (visited)             Dis (7/7) Hell            Geh (7/7) Hell
    Coc (0/7) Hell            Tar (0/7) Hell            Zot (0/5) Depths:4
Ossuary (visited)          Bailey (visited)           IceCv (visited)

Altars:
Ashenzari
Cheibriados
Dithmenos
Elyvilon
Fedhas
Gozag
Hepliaklqana
Kikubaaqudgha
Makhleb
Nemelex Xobeh
Okawaru
Qazlal
Ru
Sif Muna
Trog
Uskayaw
Vehumet
Wu Jian
Xom
Yredelemnul
Zin
The Shining One
Beogh
Jiyva

Shops:
D:4 :   D:8 *   D:11 *   D:15 (   Orc:1 *   Orc:2 ==(?   Elf:1 (   Elf:2 (?!=
Vaults:5 !!=   Depths:1 ![   Depths:3 (   Depths:4 *

Portals:
Hell: Depths:1 Depths:2 Depths:3 Depths:4
Abyss: Depths:3
Pandemonium: Depths:1 Depths:2
Ziggurat: Depths:2
Trove: D:14 (give +2 fire dragon scales)

Annotations:
D:11 1 runed translucent door
Lair:5 1 runed translucent door
Shoals:1 2 transporters, Heezod's ghost, journeyman MiBe
Dis:7 Dispater


Innate Abilities, Weirdness & Mutations

You are immune to sickness and miasma.
Your stone body is resilient. (AC +20)
You are immune to poison.
Your large and strong wings let you fly.
You resist negative energy. (rN+)
You are resistant to electric shocks. (rElec)
You are resistant to unholy torment.
You are immune to petrification.
You have a pair of small antennae on your head.
You are partially covered in large bone plates. (SH +4)
Your movements are slightly less encumbered by armour. (ER -2)


Message History

You destroy the iron golem!
No target in view!
A Hell Sentinel and Dispater come into view.
Dispater is wielding the +4 staff of Dispater.
Found 42 gold pieces.
The Hell Sentinel roars!
Dispater moves out of view.
A Hell Sentinel is nearby!
You start waiting.
You sense a monster nearby.
You sock Dispater!
Dispater is lightly wounded.
Dispater hits you but does no damage.
Your shield is strengthened by the Shining One's divine power.
Dispater gestures at you.
The sphere of damnation explodes!
The damnation engulfs you!!!
The damnation engulfs Dispater.
Dispater completely resists.
Dispater shouts, "Get thee hence, thou spongy ditch-delivered measle!"
You hit Dispater.
Dispater is lightly wounded.
You puncture Dispater!
Dispater is lightly wounded.
You block Dispater's attack.
You hit Dispater but do no damage.
Dispater is lightly wounded.
Dispater gestures at you. The crystal spear hits you!!
You impale Dispater!!
Dispater is lightly wounded.
As you read the scroll of teleportation, it crumbles to dust.
You feel strangely unstable. Dispater gestures at you.
The sphere of damnation explodes!
The damnation engulfs you!!!
* * * LOW HITPOINT WARNING * * *
The damnation engulfs Dispater.
Dispater completely resists.
Dispater shouts, "Capitulate, thou tasty dinner!"
The Hell Sentinel gestures at you.
The sphere of damnation explodes!
The damnation engulfs Dispater.
Dispater completely resists.
The damnation engulfs you!!
You die...

# ##########################
##......................##.......
##..........1...........##.......
# .........#''#&@.......##.......
# ..8....# #..###.......##.......
# #.....# .... ##.....###.......
###.8...#..... #...8.###.......
.##....##..... ##....##.....###
.##.8..#....1. #..8.##.....#..
.##....#.#$... #....##.....#..
####...## ##...###)....#..
#..#....# #....###.....###


You could see Dispater (wandering) and a Hell Sentinel.

Vanquished Creatures
  Asmodeus (Geh:7)
  3 dread liches
  Khufu (Crypt:2)
  3 ancient liches
  Mara (Vaults:2)
  Mennas (Crypt:2)
  4 juggernauts
  Boris (Crypt:2)
  A royal mummy (Crypt:2)
  Saint Roka (Depths:3)
  The ghost of handsome the Unseen, a veteran OpWn of Xom (Vaults:4)
  Geryon (Hell)
  9 caustic shrikes
  4 golden dragons
  Arachne (Spider:3)
  A bone dragon (Crypt:3)
  9 iron giants
  12 Brimstone Fiends
  11 hellephants
  2 Ice Fiends (IceCv)
  A walking earthen tome (Depths:4)
  32 searing wretches
  2 deep elf blademasters
  5 titans
  13 Hell Sentinels
  Asterion (Spider:3)
  5 liches
  2 tentacled monstrosities
  A quicksilver dragon (Depths:4)
  2 deep elf master archers (Elf:3)
  A walking frostbound tome (Depths:4)
  Roxanne (Spider:3)
  4 sphinxes
  Gastronok (Lair:2)
  30 ancient champions
  Donald (Vaults:1)
  7 storm dragons
  3 shadow dragons
  3 tengu reavers (Vaults:5)
  A revenant (Crypt:1)
  21 fire giants
  15 iron dragons
  7 frost giants
  26 balrugs
  12 deep elf sorcerers
  6 ghost moths
  3 orc warlords
  16 quicksilver elementals
  22 vault wardens
  A curse skull (Crypt:1)
  A ghost moth (shapeshifter) (Vaults:5)
  6 ghouls
  4 emperor scorpions
  3 broodmothers
  Aizul (Spider:4)
  2 spriggan defenders (Depths:4)
  Louise (Spider:2)
  18 ironbound preservers
  5 deep elf elementalists
  9 very ugly things
  45 war gargoyles
  A draconian stormcaller (Depths:4)
  7 reapers
  7 ironbound thunderhulks
  A draconian annihilator (Depths:4)
  A caustic shrike skeleton (Crypt:3)
  37 stone giants
  2 green draconians (Depths:4)
  2 grey draconians (Depths:4)
  6 vampire knights
  A halazid warlock (Hell)
  2 purple draconians (Depths:4)
  18 dire elephants
  2 red draconians (Depths:4)
  4 spark wasps
  8 deep elf demonologists
  7 entropy weavers
  A putrid mouth (Depths:1)
  5 deep elf annihilators
  2 eidola (Crypt:1)
  30 iron golems
  7 crystal guardians
  11 ettins
  8 deep elf death magi
  9 merfolk javelineers
  Josephine (D:11)
  14 merfolk impalers
  7 deep elf high priests
  11 fire dragons
  19 yaktaur captains
  7 jiangshi
  4 great orbs of eyes
  A quicksilver dragon skeleton (Crypt:3)
  Erolcha (Orc:1)
  A fenstrider witch zombie (Crypt:1)
  An ogre mage (Orc:2)
  8 rakshasas
  7 hydras
  7 ice dragons
  9 boulder beetles
  A jorogumo (Spider:4)
  2 spriggan air magi (Depths:2)
  2 salamander tyrants
  2 peacekeepers
  43 vault guards
  An alligator snapping turtle (Shoals:4)
  5 centaur warriors
  5 merfolk avatars
  A death knight (Crypt:2)
  3 radroaches
  7 merfolk aquamancers
  7 catoblepae
  10 ironbound frosthearts
  5 satyrs
  8 two-headed ogres
  14 stokers
  3 tengu warriors
  The ghost of duchin the Carver, a novice HOBe of Trog (D:8)
  5 death scarabs (Spider:4)
  12 deep troll shamans
  2 orc high priests
  21 death yaks
  A titan zombie (Crypt:3)
  Urug (Orc:2)
  21 deep troll earth magi
  58 hell hogs
  33 dancing weapons
  6 spriggan berserkers
  22 hell knights
  5 vampire magi
  12 soul eaters
  Sonja (Orc:2)
  20 deep elf knights
  10 sun demons
  Nergalle (Orc:2)
  A salamander mystic (Depths:4)
  15 iron trolls
  10 pharaoh ants
  22 crystal echidnas
  A sun moth (Spider:2)
  13 sea snakes
  A sixfirhy (Depths:1)
  8 shadow wraiths
  A death drake (shapeshifter) (Vaults:5)
  6 flayed ghosts
  A golden dragon zombie (Crypt:3)
  A kraken simulacrum (Hell)
  7 orb spiders
  29 skeletal warriors
  A sea snake (shapeshifter) (D:15)
  62 deep trolls
  3 swamp dragons (Depths:4)
  2 anaconda zombies
  3 steelbarb worms
  An obsidian statue (IceCv)
  4 spriggan simulacra
  A bog body (Crypt:1)
  8 harpies
  13 deep elf archers
  An orange crystal statue (Dis:6)
  15 wizards
  6 lindwurms
  42 deep elf zephyrmancers
  2 shadow dragon zombies (Crypt:1)
  A broodmother zombie (Spider:4)
  A wolf spider zombie (Spider:4)
  11 orc knights
  A glowing orange brain (Depths:2)
  18 phantasmal warriors
  Pikel (D:6)
  A harpy (shapeshifter) (D:15)
  A fire giant zombie (Crypt:1)
  28 fauns
  16 ironbound convokers
  17 necromancers
  39 ugly things
  10 wolf spiders
  A shadow dragon skeleton (Crypt:2)
  A tengu skeleton (Vaults:4)
  A salamander (shapeshifter) (Elf:3)
  11 orc sorcerers
  5 salamanders
  An oklob plant (D:10)
  24 deep elf pyromancers
  25 cyclopes
  15 manticores
  A stone giant zombie (Vaults:2)
  A stone giant skeleton (Crypt:3)
  5 moths of wrath
  2 dire elephant zombies (Crypt:1)
  4 black mambas
  2 ice statues
  7 merfolk sirens
  15 vault sentinels
  Maurice (D:11)
  13 water nymphs
  4 smoke demons
  2 frost giant skeletons
  2 gargoyles
  2 torpor snails (Lair:6)
  6 demonic crawlers
  4 hellions
  2 centaur skeletons
  An orange demon (Depths:1)
  5 spectral redbacks (Spider:4)
  An unseen horror (D:13)
  A catoblepas zombie (Crypt:1)
  8 cane toads
  Maggie (D:6)
  3 entropy weaver simulacra (IceCv)
  2 alligator snapping turtle skeletons
  An efreet (D:15)
  A golden dragon simulacrum (IceCv)
  6 ice devils
  3 rime drakes
  A dire elephant skeleton (Crypt:1)
  6 komodo dragons
  A hellwing (Depths:1)
  2 tengu conjurers
  17 freezing wraiths
  6 tormentors
  24 yaktaurs
  4 kobold demonologists (D:12)
  56 merfolk
  A red devil (Depths:1)
  2 guardian mummies (Crypt:1)
  7 trolls
  An anaconda simulacrum (IceCv)
  A pale draconian skeleton (Crypt:1)
  12 wind drakes
  6 hornets
  21 meliai
  A spectral jumping spider (Spider:4)
  A queen bee (D:13)
  3 hydra zombies
  A jumping spider zombie (Crypt:2)
  A hydra skeleton (Hell)
  Prince Ribbit (D:6)
  A harpy skeleton (Crypt:3)
  19 slime creatures
  2 harpy zombies
  14 polar bears
  16 tarantellas
  A fire dragon zombie (Crypt:3)
  An ettin zombie (Crypt:3)
  3 spectral culicivoras (Spider:4)
  15 blink frogs
  10 snapping turtles
  11 dream sheep
  A tarantella zombie (Spider:4)
  3 centaur simulacra
  24 jumping spiders
  5 spriggans
  A deep troll skeleton (Vaults:2)
  A ynoxinul (Depths:2)
  34 flying skulls (Crypt:3)
  A spriggan (shapeshifter) (Vaults:5)
  A naga simulacrum (Crypt:1)
  A shadow (D:11)
  10 air elementals
  17 culicivoras
  3 vampires (Vaults:2)
  4 alligator skeletons (Hell)
  Sigmund (D:4)
  A black mamba skeleton (Crypt:1)
  4 basilisks
  8 wraiths
  3 neqoxecs (Depths:1)
  40 water elementals
  6 wyverns
  45 yaks
  56 redbacks
  4 minotaur simulacra (IceCv)
  2 fire elementals
  3 vampire mosquitoes (D:15)
  A steam dragon (D:10)
  2 wargs
  2 naga zombies
  A hydra simulacrum (IceCv)
  An ogre zombie (Vaults:2)
  2 acid dragons
  19 water moccasins
  Duvessa (D:4)
  2 sky beasts
  46 orc warriors
  4 ice beasts
  A cane toad skeleton (Crypt:1)
  8 necrophages
  12 black bears
  An ettin simulacrum (IceCv)
  21 ogres
  2 alligator simulacra (IceCv)
  9 wolves
  5 boggarts
  16 centaurs
  A lindwurm skeleton (Crypt:2)
  A swamp dragon skeleton (Crypt:2)
  7 human skeletons
  A kobold brigand (D:9)
  5 elf zombies (Ossuary)
  A salamander zombie (Crypt:1)
  16 bullfrogs
  3 gnoll sergeants
  5 scorpions
  An earth elemental (Elf:3)
  A deep troll simulacrum (IceCv)
  2 wyvern zombies
  A yaktaur skeleton (Crypt:1)
  A spriggan zombie (Crypt:2)
  A polar bear zombie (Crypt:1)
  Dowan (D:4)
  20 killer bees
  5 wights (D:8)
  4 electric eels
  8 howler monkeys
  A crimson imp (D:6)
  8 centaur zombies
  A lava snake (Lair:5)
  2 hounds
  3 jellies
  13 orc priests
  5 human zombies
  Crazy Yiuf (D:4)
  2 bullfrog zombies
  2 iguanas
  Natasha (twice) (D:4)
  32 orc wizards
  2 killer bee zombies (D:8)
  A hound zombie (Crypt:2)
  7 mummies
  A howler monkey zombie (D:6)
  Robin (D:4)
  12 gnolls
  8 adders
  A shadow imp (D:6)
  2 ufetubi
  2 worms
  4 dart slugs
  102 orcs
  5 ball pythons
  6 bats
  11 endoplasms
  4 giant cockroaches
  20 goblins
  4 hobgoblins
  13 kobolds
  3 quokkas (D:4)
  4 frilled lizards
  A goblin zombie (Crypt:2)
  3 rats
  A river rat skeleton (Crypt:1)
  5 creeping infernos
  46 fire vortices
  A plant (Depths:4)
  A tentacle (Hell)
2783 creatures vanquished.

Vanquished Creatures (others)
  A hellephant (Geh:5)
  An eldritch tentacle (Vaults:4)
  A rakshasa (Vaults:4)
  An ironbound frostheart (Vaults:4)
  A hell hog (Geh:5)
  A deep elf knight (Elf:1)
  A shadow wraith (Depths:3)
  A deep troll (Vaults:2)
  A deep elf pyromancer (Elf:1)
  A guardian mummy (Crypt:1)
  A wyvern (Depths:4)
  A boggart (Vaults:4)
  A human skeleton (Crypt:1)
  2 orc wizards (Orc:2)
  A white imp (D:14)
  An orc (Orc:2)
  4 creeping infernos
  10 fire vortices
  20 fungi
  142 plants
  3 tentacles (Hell)
  A withered plant (Shoals:2)
197 creatures vanquished.

Grand Total: 2980 creatures vanquished

Notes
Turn   | Place    | Note
-------+----------+-------------------------------------------
     0 | D:1      | Infinimo the Gargoyle Berserker began the quest for the
                  | Orb.
     0 | D:1      | Reached XP level 1. HP: 14/14 MP: 1/1
   165 | D:1      | Found a faded altar of an unknown god.
   172 | D:1      | Reached XP level 2. HP: 16/19 MP: 2/2
   809 | D:1      | Reached XP level 3. HP: 23/23 MP: 3/3
   894 | D:1      | Reached ** piety under Trog
  2052 | D:2      | Reached XP level 4. HP: 29/29 MP: 4/4
  2307 | D:2      | You are sucked into a shaft and drop 1 floor!
  2805 | D:2      | Noticed a gnoll sergeant
  2806 | D:2      | Found the +8 woodcutter's axe {vorpal}
  2833 | D:2      | Killed a gnoll sergeant
  2834 | D:2      | Reached XP level 5. HP: 16/33 MP: 5/5
  3175 | D:3      | Found a faded altar of an unknown god.
  3181 | D:3      | Found a radiant altar of Vehumet.
  3847 | D:4      | Reached skill level 5 in Maces & Flails
  3847 | D:4      | Reached XP level 6. HP: 39/39 MP: 6/6
  3979 | D:4      | Found a broken altar of Ashenzari.
  3990 | D:4      | Reached skill level 5 in Fighting
  4003 | D:4      | Found Lesuefef's Book Emporium.
  4003 | D:4      | Noticed Robin
  4023 | D:4      | Reached *** piety under Trog
  4030 | D:4      | Reached XP level 7. HP: 30/44 MP: 7/7
  4033 | D:4      | Killed Robin
  4210 | D:4      | Found a glowing golden altar of the Shining One.
  4366 | D:4      | Noticed Sigmund
  4376 | D:4      | Killed Sigmund
  4719 | D:4      | Noticed Duvessa
  4720 | D:4      | Noticed Dowan
  4728 | D:4      | Killed Duvessa
  4728 | D:4      | Killed Dowan
  4729 | D:4      | Reached skill level 5 in Armour
  4876 | D:4      | Found a runed translucent door.
  4876 | D:4      | Noticed Natasha
  4877 | D:4      | Noticed Crazy Yiuf
  4998 | D:4      | Killed Crazy Yiuf
  4999 | D:4      | Reached XP level 8. HP: 51/51 MP: 8/8
  5002 | D:4      | Killed Natasha
  5050 | D:4      | Identified a scroll of acquirement
  5050 | D:4      | Acquired a +1 morningstar of protection
  5156 | D:4      | Noticed Natasha
  5161 | D:4      | Killed Natasha
  5184 | D:5      | Entered Level 5 of the Dungeon
  5986 | D:6      | Noticed Prince Ribbit
  6009 | D:6      | Killed Prince Ribbit
  6010 | D:6      | Reached XP level 9. HP: 27/57 MP: 9/9
  6217 | D:6      | Noticed Maggie
  6232 | D:6      | Killed Maggie
  6391 | D:6      | Noticed Pikel
  6406 | D:6      | Killed Pikel
  6429 | D:6      | Found a burning altar of Makhleb.
  6620 | D:6      | Found a glowing silver altar of Zin.
  6832 | D:6      | Reached skill level 10 in Maces & Flails
  6834 | D:6      | Reached **** piety under Trog
  6909 | D:7      | Noticed a troll
  6917 | D:7      | Killed a troll
  6962 | D:7      | Reached XP level 10. HP: 64/64 MP: 10/10
  7033 | D:7      | Found a staircase to the Ecumenical Temple.
  7043 | D:7      | Found a sand-covered staircase.
  7049 | Ossuary  | Entered an ossuary
  7479 | D:7      | Noticed a +0 dagger
  7480 | D:7      | Found a hide-covered altar of Uskayaw.
  7481 | D:7      | Noticed a +0 hand axe
  7965 | D:8      | Found a sacrificial altar of Ru.
  7965 | D:8      | Found a shadowy altar of Dithmenos.
  7965 | D:8      | Found a blossoming altar of Fedhas.
  8466 | D:8      | Found a runed translucent door.
  8466 | D:8      | Noticed duchin's ghost (novice HOBe)
  8683 | D:8      | Found Nucesic's Serpentskin Sales.
  8688 | D:8      | Reached ***** piety under Trog
  9065 | D:8      | Found an opulent altar of Gozag.
  9065 | D:8      | Found a sparkling altar of Nemelex Xobeh.
  9338 | D:8      | Killed duchin's ghost
  9339 | D:8      | Reached XP level 11. HP: 71/71 MP: 11/11
  9437 | D:9      | Noticed a manticore
  9462 | D:9      | Killed a manticore
 10087 | D:9      | Reached skill level 10 in Fighting
 10176 | D:10     | Entered Level 10 of the Dungeon
 10380 | D:10     | Found a flagged portal.
 10426 | Bailey   | Entered a bailey
 10768 | Bailey   | Reached skill level 10 in Armour
 12179 | D:10     | Found a staircase to the Lair.
 12179 | D:10     | Noticed an oklob plant
 12193 | D:10     | Killed an oklob plant
 13011 | D:10     | Identified the +3 leather armour of the Game of Kings
                  | {Rampage Str+3 SInv}
 13052 | Lair:1   | Entered Level 1 of the Lair of Beasts
 13319 | Lair:1   | Reached XP level 12. HP: 72/79 MP: 12/12
 13962 | Lair:2   | Noticed a death yak
 13962 | Lair:2   | Noticed a death yak
 13962 | Lair:2   | Noticed a death yak
 13962 | Lair:2   | Noticed a death yak
 13962 | Lair:2   | Noticed a death yak
 13973 | Lair:1   | Killed a death yak
 14038 | Lair:1   | Killed a death yak
 14045 | Lair:1   | Killed a death yak
 14051 | Lair:1   | Killed a death yak
 14063 | Lair:1   | Killed a death yak
 14384 | Lair:2   | Noticed Gastronok
 14404 | Lair:2   | Killed Gastronok
 14681 | Lair:2   | Noticed a five-headed hydra
 14693 | Lair:2   | Killed a five-headed hydra
 14694 | Lair:2   | Reached skill level 15 in Maces & Flails
 15143 | Lair:3   | Noticed a boulder beetle
 15391 | Lair:3   | Killed a boulder beetle
 15396 | Lair:3   | Reached XP level 13. HP: 44/86 MP: 13/13
 16385 | Lair:3   | You are sucked into a shaft and drop 1 floor!
 16407 | Lair:3   | Found a hole to the Spider Nest.
 17063 | Lair:4   | Found a staircase to the Shoals.
 17773 | Lair:4   | Identified the +8 trident "Raukkypn" {freeze, Int+4}
 17883 | Lair:4   | Identified the +0 robe of the Thoughtful Deaths {Str+3}
 18011 | Lair:5   | Found a runed translucent door.
 18011 | Lair:5   | Found a viscous altar of Jiyva.
 18125 | Lair:5   | Found a staircase to the Slime Pits.
 18125 | Lair:5   | Noticed an azure jelly
 18125 | Lair:5   | Noticed an azure jelly
 18125 | Lair:5   | Noticed an azure jelly
 18743 | Lair:6   | Entered Level 6 of the Lair of Beasts
 18920 | Lair:6   | Received a gift from Trog
 19018 | Lair:6   | Gained mutation: Your large and strong wings let you fly.
                  | [Gargoyle growth]
 19018 | Lair:6   | Reached XP level 14. HP: 77/94 MP: 14/14
 19966 | Lair:6   | Found the +7 sceptre of Torment {pain, torment}
 20961 | D:11     | Found a runed translucent door.
 20961 | D:11     | Found the +2 shield of Resistance {rF++ rC++ Will++}
 20962 | D:11     | Found a runed translucent door.
 21162 | D:11     | Noticed Maurice
 21169 | D:11     | Killed Maurice
 21195 | D:11     | Noticed Josephine
 21204 | D:11     | Killed Josephine
 21565 | D:11     | Found Xuytaifuco's General Store.
 21969 | D:11     | Acquired the ring "Siver" {Will+ Slay+6}
 22441 | D:12     | Reached skill level 1 in Shields
 22933 | D:12     | Found a staircase to the Orcish Mines.
 22993 | D:12     | Received a gift from Trog
 23128 | D:12     | Reached XP level 15. HP: 101/101 MP: 15/15
 23943 | D:13     | Reached XP level 16. HP: 107/107 MP: 16/16
 24216 | D:13     | Found a gate to the Vaults.
 24992 | D:14     | Identified the +1 ring mail "Finaf" {rC++ Dex+3}
 25063 | D:14     | Found a portal to a secret trove of treasure.
 25151 | D:14     | Found a frozen archway.
 25165 | IceCv    | Entered an ice cave
 25756 | IceCv    | Received a gift from Trog
 25757 | IceCv    | Reached skill level 15 in Fighting
 26047 | IceCv    | Noticed an Ice Fiend
 26047 | IceCv    | Noticed an Ice Fiend
 26064 | IceCv    | Killed an Ice Fiend
 26073 | IceCv    | Killed an Ice Fiend
 26333 | IceCv    | Found the amulet of the Air {Inacc Air Fly rElec RMsl}
 26338 | IceCv    | Found the +8 frozen axe "Frostbite" {freezing cloud, *Noise
                  | Fly rC+}
 26649 | D:14     | Reached skill level 15 in Armour
 26872 | D:14     | Found a runed translucent door.
 27003 | D:14     | Found a glowing golden altar of the Shining One.
 27006 | D:14     | Found a broken altar of Ashenzari.
 27006 | D:14     | Found a sparkling altar of Nemelex Xobeh.
 27008 | D:14     | Found an iron altar of Okawaru.
 27008 | D:14     | Found a stormy altar of Qazlal.
 27008 | D:14     | Found a shimmering altar of Xom.
 27336 | D:15     | Entered Level 15 of the Dungeon
 27525 | D:15     | Found Ythrom Kunaedgh's Antique Weapon Emporium.
 28025 | D:15     | Found a staircase to the Depths.
 28673 | Orc:1    | Entered Level 1 of the Orcish Mines
 28686 | Orc:1    | Found Wisucaz's Assorted Antiques.
 28698 | Orc:1    | Bought a scroll of fear for 94 gold pieces
 28698 | Orc:1    | Bought a scroll of teleportation for 81 gold pieces
 28698 | Orc:1    | Bought a runed scarf for 216 gold pieces
 28698 | Orc:1    | Bought a scroll of enchant weapon for 202 gold pieces
 28789 | Orc:2    | Entered Level 2 of the Orcish Mines
 28822 | Orc:2    | Noticed Erolcha
 28837 | Orc:1    | Killed Erolcha
 29107 | Orc:2    | Found a staircase to the Elven Halls.
 29144 | Orc:2    | Noticed Urug
 29168 | Orc:2    | Killed Urug
 29169 | Orc:2    | Reached XP level 17. HP: 112/113 MP: 17/17
 29196 | Orc:2    | Identified the +6 demon whip of Doter {flame, Will+} (Trog
                  | gifted it to you on level 2 of the Orcish Mines)
 29196 | Orc:2    | Received a gift from Trog
 29237 | Orc:2    | Noticed Sonja
 29243 | Orc:2    | Killed Sonja
 29408 | Orc:2    | Found Xufubo's Magic Scroll Boutique.
 29428 | Orc:2    | Bought a scroll of enchant weapon for 97 gold pieces
 29428 | Orc:2    | Bought a scroll of enchant armour for 97 gold pieces
 29428 | Orc:2    | Bought a scroll of enchant weapon for 97 gold pieces
 29428 | Orc:2    | Bought a scroll of teleportation for 39 gold pieces
 29447 | Orc:2    | Found an ancient bone altar of Kikubaaqudgha.
 29447 | Orc:2    | Noticed Nergalle
 29459 | Orc:2    | Killed Nergalle
 29475 | Orc:2    | Found Coimimn's Antique Weapon Shop.
 29499 | Orc:2    | Found a radiant altar of Vehumet.
 29569 | Orc:2    | Found Basoso's Jewellery Boutique.
 29593 | Orc:2    | Found Yfodar's Jewellery Boutique.
 30079 | Orc:1    | Received a gift from Trog
 30455 | Spider:1 | Entered Level 1 of the Spider Nest
 30505 | Spider:1 | Reached skill level 10 in Shields
 31719 | Spider:2 | Reached ****** piety under Trog
 32294 | Spider:2 | Noticed Louise
 32312 | Spider:2 | Killed Louise
 32379 | Spider:2 | Received a gift from Trog
 33184 | Spider:3 | Noticed Arachne
 33201 | Spider:3 | Killed Arachne
 33323 | Spider:3 | Noticed Asterion
 33343 | Spider:3 | Killed Asterion
 33793 | Spider:3 | Noticed Roxanne
 33818 | Spider:3 | Killed Roxanne
 33995 | Spider:4 | Entered Level 4 of the Spider Nest
 34006 | Spider:3 | Reached XP level 18. HP: 122/122 MP: 18/18
 34021 | Spider:3 | Received a gift from Trog
 34200 | Spider:4 | Noticed Aizul
 34210 | Spider:4 | Killed Aizul
 36226 | Spider:4 | Found the +3 pair of gauntlets of War {Slay+5}
 36501 | Spider:4 | Got a gossamer rune of Zot
 36962 | Shoals:1 | Entered Level 1 of the Shoals
 37801 | Shoals:1 | Noticed Heezod's ghost (journeyman MiBe)
 37803 | Shoals:1 | Found a transporter.
 37816 | Shoals:1 | Found a transporter.
 37911 | Shoals:1 | You are sucked into a shaft and drop 1 floor!
 38314 | Shoals:2 | Received a gift from Trog
 38963 | Shoals:3 | Reached XP level 19. HP: 117/130 MP: 19/19
 39300 | Shoals:3 | Identified the +7 dagger "Saphy" {venom, Drain rN+ Str-5
                  | Int+3 Dex+7}
 39333 | Shoals:3 | Received a gift from Trog
 40697 | Shoals:4 | Entered Level 4 of the Shoals
 40710 | Shoals:4 | Paralysed by an air elemental for 1 turns
 41246 | Shoals:4 | Paralysed by an air elemental for 1 turns
 41657 | Shoals:4 | Received a gift from Trog
 41997 | Shoals:4 | Got a barnacled rune of Zot
 42447 | Shoals:4 | Identified the +6 hand axe "Onett" {vorpal, Str+6} (Trog
                  | gifted it to you on level 4 of the Shoals)
 42447 | Shoals:4 | Received a gift from Trog
 42991 | Depths:1 | Entered Level 1 of the Depths
 42999 | D:15     | Reached XP level 20. HP: 98/137 MP: 20/20
 43537 | Depths:1 | Found a one-way gate leading to the halls of Pandemonium.
 43566 | Depths:1 | Found a gateway to Hell.
 44068 | Depths:1 | Reached skill level 15 in Shields
 44632 | Depths:1 | Found Luanaon's Distillery.
 44639 | Depths:1 | Found Byenees's Armour Emporium.
 44642 | Depths:1 | Bought a potion of curing for 48 gold pieces
 44642 | Depths:1 | Bought a potion of haste for 160 gold pieces
 44642 | Depths:1 | Bought a potion of might for 64 gold pieces
 44760 | Depths:2 | Noticed an ancient lich
 44790 | Depths:2 | Found a one-way gateway to a ziggurat.
 46113 | Depths:2 | Received a gift from Trog
 46499 | Depths:2 | Noticed a juggernaut
 46511 | Depths:2 | Killed a juggernaut
 46577 | Depths:2 | Reached XP level 21. HP: 103/145 MP: 21/21
 46814 | Depths:2 | Received a gift from Trog
 46923 | Depths:2 | Noticed a golden dragon
 47086 | Depths:2 | Killed a golden dragon
 47267 | Depths:2 | Noticed a caustic shrike
 47275 | Depths:2 | Killed a caustic shrike
 47298 | Depths:2 | Noticed a caustic shrike
 47306 | Depths:2 | Killed a caustic shrike
 47561 | Depths:2 | Noticed a golden dragon
 47571 | Depths:2 | Killed a golden dragon
 47706 | Depths:3 | Found Zeikhount's Antique Weapon Shoppe.
 47716 | Depths:3 | Found a flickering gateway to a bazaar.
 47749 | Bazaar   | Entered a bazaar
 47749 | Bazaar   | Found Dojaroer's Jewellery Shop.
 47749 | Bazaar   | Found Orihoinousch's Jewellery Shop.
 47749 | Bazaar   | Found Xarihav's Jewellery Emporium.
 47749 | Bazaar   | Found Hunlakhu's Armour Shoppe.
 48189 | Depths:3 | Noticed Saint Roka
 48223 | Depths:3 | Killed Saint Roka
 48728 | Depths:3 | Found a one-way gate to the infinite horrors of the Abyss.
 49641 | Depths:3 | Received a gift from Trog
 49719 | Depths:3 | Got Tisaz's Collected Works on Ashen Contamination
 49725 | Depths:3 | Got the Incunabulum of Cankerous Battle Magic
 49879 | Depths:4 | Entered Level 4 of the Depths
 49885 | Depths:4 | Found Huweolol's Assorted Antiques.
 51035 | Depths:4 | Reached XP level 22. HP: 140/153 MP: 22/22
 51491 | Depths:4 | Noticed a golden dragon
 51505 | Depths:4 | Killed a golden dragon
 51563 | Depths:4 | Found a gate to the Realm of Zot.
 51911 | Elf:1    | Entered Level 1 of the Elven Halls
 51933 | Elf:1    | Received a gift from Trog
 52235 | Elf:1    | Paralysed by an air elemental for 1 turns
 52277 | Elf:1    | Found Iwet's Antique Weapon Shop.
 52808 | Elf:1    | Found a shimmering altar of Xom.
 52926 | Elf:1    | Received a gift from Trog
 53237 | Elf:1    | Identified the +4 plate armour "Mesigam" {rC- Str+5}
 53529 | Elf:2    | Found a runed translucent gate.
 53529 | Elf:2    | Found a runed translucent gate.
 53529 | Elf:2    | Found a runed translucent gate.
 53579 | Elf:2    | Found Touhath's Distillery.
 53616 | Elf:2    | Bought a potion of curing for 51 gold pieces
 53616 | Elf:2    | Bought a potion of haste for 170 gold pieces
 53616 | Elf:2    | Bought a potion of might for 68 gold pieces
 53665 | Elf:2    | Found Veeski's Magic Scroll Shoppe.
 53665 | Elf:2    | Found Jumienots's Weapon Shoppe.
 53892 | Elf:2    | Bought a scroll of fear for 49 gold pieces
 53892 | Elf:2    | Bought a scroll of teleportation for 42 gold pieces
 53892 | Elf:2    | Bought a scroll of teleportation for 42 gold pieces
 53929 | Elf:2    | Found Liuxziukh's Jewellery Shop.
 54353 | Elf:2    | Received a gift from Trog
 54575 | Elf:3    | Entered Level 3 of the Elven Halls
 54648 | Elf:3    | Identified the amulet of Ateferal {rF+ Regen+}
 54653 | Elf:3    | Identified the +9 demon trident of Moawk {drain, Fragile
                  | rF+ SInv}
 55101 | Elf:3    | Received a gift from Trog
 55139 | Elf:3    | Identified the ring "Ugrivio" {rF+ Will- Int+6 SInv}
 55147 | Elf:3    | Reached XP level 23. HP: 99/161 MP: 23/23
 56041 | Elf:3    | Identified the +2 buckler of the Iron City of Dis {+Inv
                  | Dex+3}
 56140 | Elf:3    | Received a gift from Trog
 57076 | Temple   | Entered the Ecumenical Temple
 57414 | D:4      | Fell from the grace of Trog
 57414 | D:4      | Became a worshipper of the Shining One
 57691 | Orc:2    | Bought a scroll of brand weapon for 260 gold pieces
 57881 | Vaults:1 | Entered Level 1 of the Vaults
 58044 | Vaults:1 | Noticed Donald
 58050 | Vaults:1 | Killed Donald
 58720 | Vaults:1 | Reached * piety under the Shining One
 59322 | Vaults:2 | Reached ** piety under the Shining One
 59780 | Vaults:2 | Reached XP level 24. HP: 84/169 MP: 23/23
 59855 | Vaults:2 | Paralysed by Trog for 2 turns
 59930 | Vaults:2 | Found a staircase to the Crypt.
 60184 | Vaults:2 | Reached *** piety under the Shining One
 60242 | Vaults:2 | Noticed Mara
 60260 | Vaults:2 | Killed Mara
 60964 | Vaults:3 | Reached **** piety under the Shining One
 61075 | Vaults:3 | Found Taabopp's Armour Emporium.
 61210 | Vaults:3 | Paralysed by Trog for 2 turns
 61934 | Crypt:1  | Entered Level 1 of the Crypt
 61966 | Crypt:1  | Reached ***** piety under the Shining One
 62251 | Crypt:1  | Reached ****** piety under the Shining One
 62974 | Depths:2 | Killed an ancient lich
 63048 | Depths:4 | Identified a +6 sacred scourge of holy wrath (a +4 demon
                  | whip of electrocution blessed by the Shining One)
 63048 | Depths:4 | Received a gift from the Shining One
 63441 | Crypt:2  | Noticed Boris
 63451 | Crypt:2  | Killed Boris
 63452 | Crypt:2  | Reached skill level 1 in Invocations
 63861 | Crypt:2  | Paralysed by Trog for 4 turns
 63991 | Crypt:2  | Noticed a royal mummy
 63992 | Crypt:2  | Noticed Khufu
 63998 | Crypt:2  | Killed a royal mummy
 63999 | Crypt:2  | Reached XP level 25. HP: 105/176 MP: 24/24
 64081 | Crypt:2  | Killed Khufu
 64097 | Crypt:2  | Noticed Mennas
 64114 | Crypt:2  | Killed Mennas
 64462 | Crypt:3  | Entered Level 3 of the Crypt
 64652 | Crypt:3  | Noticed an ancient lich
 64653 | Crypt:3  | Found a basalt altar of Yredelemnul.
 64664 | Crypt:3  | Killed an ancient lich
 64700 | Crypt:3  | Found a staircase to the Tomb.
 65531 | Crypt:3  | Reached skill level 5 in Invocations
 65620 | Crypt:3  | Found the +6 Majin-Bo {vamp, MP+6 Int+6}
 65895 | Crypt:3  | Paralysed by Trog for 4 turns
 66509 | Hell     | Entered the Vestibule of Hell
 66509 | Hell     | Noticed Geryon
 66928 | Depths:1 | Was forgiven by Trog
 67075 | Hell     | Killed Geryon
 67318 | Hell     | Found a gateway to the ashen valley of Gehenna.
 67503 | Hell     | Found a gateway to the decaying netherworld of Tartarus.
 67586 | Hell     | Found a gateway to the freezing wastes of Cocytus.
 67666 | Hell     | Found a gateway to the Iron City of Dis.
 67774 | Geh:1    | Entered Level 1 of Gehenna
 67806 | Geh:1    | Reached XP level 26. HP: 182/184 MP: 28/28
 67993 | Geh:2    | You are sucked into a shaft and drop 1 floor!
 69615 | Geh:3    | Noticed an ancient lich
 69615 | Geh:3    | Noticed a dread lich
 69615 | Geh:3    | Noticed a dread lich
 69625 | Hell     | Killed a dread lich
 69791 | Hell     | Killed a dread lich
 69953 | Hell     | Killed an ancient lich
 70834 | Geh:6    | Noticed a dread lich
 70848 | Geh:6    | Killed a dread lich
 71083 | Geh:7    | Entered Level 7 of Gehenna
 71104 | Geh:7    | Reached skill level 10 in Invocations
 71219 | Geh:7    | Reached XP level 27. HP: 98/133 MP: 30/30
 71689 | Geh:7    | Found the +7 sceptre of Asmodeus
 71689 | Geh:7    | Noticed Asmodeus
 71713 | Geh:7    | Identified the amulet of Surprise {Faith Regen+}
 71825 | Geh:7    | Killed Asmodeus
 71882 | Geh:7    | Got an obsidian rune of Zot
 71906 | Geh:7    | Got the Papyrus of Venom
 72422 | Dis:1    | Entered Level 1 of the Iron City of Dis
 72975 | Vaults:4 | Identified the +1 robe of the Bull {Str+2 Dex+4}
 73618 | Vaults:4 | Found a runed translucent gate.
 73618 | Vaults:4 | Found a runed translucent gate.
 73618 | Vaults:4 | Found a runed translucent gate.
 73620 | Vaults:4 | Noticed handsome's ghost (veteran OpWn)
 73623 | Vaults:4 | Found the +3 warlock's mirror {reflect}
 73653 | Vaults:4 | Gained mutation: Your magical capacity is low. (-10% MP)
                  | [mutagenic glow]
 73661 | Vaults:4 | Gained mutation: You tend to lose your temper in combat.
                  | [mutagenic glow]
 73690 | Vaults:4 | Gained mutation: You sometimes lose the ability to read
                  | scrolls when taking damage. [mutagenic glow]
 73691 | Vaults:4 | Lost mutation: You sometimes lose the ability to read
                  | scrolls when taking damage. [potion of mutation]
 73691 | Vaults:4 | Lost mutation: You tend to lose your temper in combat.
                  | [potion of mutation]
 73691 | Vaults:4 | Lost mutation: Your magical capacity is low. (-10% MP)
                  | [potion of mutation]
 73691 | Vaults:4 | Gained mutation: You are partially covered in large bone
                  | plates. (SH +4) [potion of mutation]
 73691 | Vaults:4 | Gained mutation: You have a pair of small antennae on your
                  | head. [potion of mutation]
 73691 | Vaults:4 | Gained mutation: Your movements are slightly less
                  | encumbered by armour. (ER -2) [potion of mutation]
 73837 | Vaults:4 | Killed handsome's ghost
 73856 | Vaults:4 | Identified the +2 barding of the Dwarven Hall {rElec rF+++
                  | Str-2}
 73921 | Vaults:5 | Entered Level 5 of the Vaults
 74139 | Vaults:5 | Got a silver rune of Zot
 74296 | Vaults:5 | Reached skill level 27 in Maces & Flails
 75410 | Vaults:5 | Found Lacu's Distillery.
 75415 | Vaults:5 | Bought a potion of haste for 130 gold pieces
 75415 | Vaults:5 | Bought a potion of heal wounds for 65 gold pieces
 75415 | Vaults:5 | Bought a potion of curing for 39 gold pieces
 75425 | Vaults:5 | Found Haif's Distillery.
 75430 | Vaults:5 | Bought a potion of curing for 39 gold pieces
 75430 | Vaults:5 | Bought a potion of curing for 39 gold pieces
 75430 | Vaults:5 | Bought 2 potions of heal wounds for 130 gold pieces
 75430 | Vaults:5 | Bought a potion of curing for 39 gold pieces
 75430 | Vaults:5 | Bought a potion of curing for 39 gold pieces
 75501 | Vaults:5 | Found Bugoish's Jewellery Emporium.
 75662 | Vaults:5 | Identified the +2 war axe of a Gauntlet {pain, rElec rPois}
 75665 | Vaults:5 | Got the Disquisition on Earth and Attacks
 78310 | Dis:7    | Entered Level 7 of the Iron City of Dis
 79007 | Dis:7    | Noticed a juggernaut
 79023 | Dis:7    | Killed a juggernaut
 79045 | Dis:7    | Reached skill level 15 in Invocations
 79332 | Dis:7    | Reached skill level 27 in Fighting
 79454 | Dis:7    | Noticed a juggernaut
 79469 | Dis:7    | Killed a juggernaut
 79470 | Dis:7    | Reached skill level 27 in Armour
 79998 | Dis:7    | Noticed a juggernaut
 80010 | Dis:7    | Killed a juggernaut
 80447 | Dis:7    | Identified the +1 pair of boots of Daisies {Slay+3}
 80885 | Dis:7    | Found the +4 staff of Dispater
 80885 | Dis:7    | Noticed Dispater
 80899 | Dis:7    | Killed from afar by a Hell Sentinel

Illustrated notes

Levels and vault maps discovered:
D:1:      lightli_arrival_isolated_outpost, layout_basic,
          hellmonk_ecumenical_altar_lost_god, minmay_misc_feat_columns,
          minmay_3d_cube
D:2:      layout_loops_corners, nicolae_concentric_dashed_squares_mild,
          pf_guarded_unrand_woodcutter
D:3:      layout_loops_corners, nicolae_overflow_ecumenical_swirl
D:4:      minmay_diamond_boxcup, layout_gridville, kennysheep_mini,
          lemuel_doored_altar, serial_shops, nicolae_shop_hallway_plus,
          chequers_serial_rivers_micro_d, uniq_duvessa, uniq_crazy_yiuf_cottage,
          uniq_robin, uniq_sigmund, uniq_natasha
D:5:      black_bear_nest_2, layout_basic
D:6:      layout_loops_ring, zin_academy, makhleb_grotto_becter,
          uniq_prince_ribbit1, uniq_pikel, uniq_maggie
D:7:      layout_cave_pods, dancing_weapons_uskayaw,
          minmay_temple_entry_crystal_x, nicolae_ossuary_entry_monument
D:8:      layout_loops_corners, grunt_temple_overflow_opulence,
          gammafunk_temple_overflow_forgotten, hellmonk_ghost_happy_afterlife,
          guppyfry_shop_venom
D:9:      layout_rooms
D:10:     layout_basic, dpeg_oklobed_lair, enter_bailey_2
D:11:     layout_gridville, serial_shops, nicolae_take_the_stairs, minivault_24,
          minmay_guarded_unrand_resistance, uniq_josephine, uniq_maurice
D:12:     layout_basic, hiddenorc2_lemuel
D:13:     layout_basic, grunt_vaults_entry_fortified, special_room
          [special_room_bee]
D:14:     layout_loops_ring, enter_trove_1, serial_ice, serial_ice_n,
          serial_ice_d, serial_ice_h, serial_ice_k,
          portal_ice_cave_entry_ice_statue_one, doesnt_xom_only_xom,
          hellmonk_bongcloud_opening, lightli_airlock
D:15:     hangedman_depths_entry_try_elsewhere_first, layout_basic,
          serial_shops, shop_coins, hangedman_decor_riveting
Temple:   minmay_temple_curvy_loop
Lair:1:   layout_gridlike, lemuel_fruit_tree
Lair:2:   layout_misc_corridors, lemuel_fruit_fields, grunt_megastairs_4,
          uniq_gastronok
Lair:3:   layout_regular_city, spider_nest_entry_funnel_web,
          nicolae_lair_lindhole
Lair:4:   layout_small_grid, minmay_shoals_entry_hut, grunt_megastairs_5
Lair:5:   layout_gridlike, slime_altar_2
Lair:6:   evilmike_catoblepas_cave, layout_gridlike, lemuel_old_faithful
Shoals:1: layout_shoals, gammafunk_ghost_arena
Shoals:2: layout_shoals, argonaut_gorgonesque
Shoals:3: layout_shoals, nicolae_shoals_shepherds
Shoals:4: shoals_end_hellmonk_storm_palace [storm_palace_center_square,
          storm_palace_corner_blocked, storm_palace_corner_grid,
          storm_palace_corner_grid, storm_palace_corner_narrow]
Spider:1: layout_spider_delve, hangedman_spider_tarantella_strand
Spider:2: layout_spider_delve, uniq_louise
Spider:3: layout_spider_delve, uniq_arachne, uniq_asterion, uniq_roxanne
Spider:4: floodkiller_spider_rune_tomb, drop_trap, uniq_aizul
Orc:1:    layout_caves, serial_shops, shop
Orc:2:    kennysheep_orc_mage_school, layout_caves, uniq_urug, uniq_erolcha,
          uniq_sonja
Elf:1:    minmay_elf_arrival_summoners, layout_geoelf_diagonals, basic_altar,
          serial_shops, shop_statue, hangedman_elf_disciples,
          nrook_loot_triangle
Elf:2:    nicolae_elf_blades_splatter_lattice [mumra_blade_entry_bloodbath],
          layout_loops_cross, serial_shops, shop_fountains, shop,
          nicolae_shop_stone, nicolae_shop_stone
Elf:3:    grunt_elf_hall_spiral, layout_loops_corners
Vaults:1: hangedman_vaults_corner, vaults_room_corners,
          hangedman_vaults_restitches, vaults_room_fours, v_misc_23,
          ontoclasm_vaults_claustrophobia, vaults_room_large_hall,
          vaults_room_boxed, nicolae_vaults_border_crossing,
          nicolae_vaults_shelves_hall, nicolae_vaults_little_ls,
          hangedman_vaults_stretched_pinwheel, layout_vaults_ring, uniq_donald
Vaults:2: minmay_crypt_entry_vampire_xt, st_spiral_rooms,
          hangedman_vaults_impose, hangedman_vaults_unwind,
          nicolae_vaults_puzzle_piece, nicolae_vaults_little_squares_3,
          grunt_vaults_hallway_short, v_alt_pattern_5,
          hangedman_vaults_corner_blocks, grunt_vaults_trifunnel,
          nicolae_vaults_little_squares_3, v_alt_pattern_4,
          layout_vaults_maze_bifur, uniq_mara
Vaults:3: v_alt_pattern_1, hangedman_vaults_restitches, special_room_vaults
          [special_room_orc], hangedman_vaults_locks, hangedman_vaults_impose,
          hangedman_vaults_restitches, nicolae_vaults_little_squares_4,
          vaults_dpeg_diagonal, vaults_dpeg_cross, v_alt_pattern_3,
          ontoclasm_vaults_chip, v_misc_5, layout_vaults_omnicross,
          serial_shops, shop
Vaults:4: gammafunk_ghost_tricky_traps, hangedman_vaults_snaps,
          vaults_room_semicircle, v_misc_28, vaults_room_grid, v_pattern_5,
          ontoclasm_vaults_spin, vaults_dpeg_ring, vaults_room_grid,
          hangedman_vaults_restitches, nicolae_vaults_yaktaur_gun_rack,
          layout_vaults_chaotic_city
Vaults:5
Crypt:1:  layout_chaotic_city, amcnicky_mini_corridor_feature,
          grunt_ministairs_15, grunt_crypt_arrival_guarded_gate
Crypt:2:  layout_gridlike, uniq_boris, uniq_khufu, uniq_mennas
Crypt:3:  cryptofortress_bobbens
Depths:1: layout_gridville, roderic_lattice_a, grunt_pan_entry_spiral,
          pf_hell_entry_tar_spiral, st_stairs_8, kennysheep_generic_room_14,
          minmay_shop_star
Depths:2: lemuel_castle_with_subvaults [lemuel_castle_interior_carwin_1],
          layout_gridlike, enter_ziggurat_d, rand_demon_pan_entry_8,
          pf_coc_iceberg
Depths:3: minmay_haunted_quarter, layout_honeycomb, abyss_entry,
          serial_co_window_serial, co_window_of_opportunity_a,
          co_window_of_opportunity_a, co_window_corner_a, co_window_corner_a,
          co_window_of_opportunity_a, co_window_paths_b,
          co_window_of_opportunity_b, co_window_corner_b, co_window_broadway_a,
          co_window_2corner, co_window_broadway_b, co_window_4corner_a,
          co_window_paths_d, chequers_serial_rivers_micro_b, serial_shops,
          bzr_entry_dummy, shop, hell_entry, uniq_saint_roka, uniq_margery
Depths:4: evilmike_zot_entry_gauntlet, layout_gridlike, hell_entry,
          serial_shops, nicolae_shop_overgrown_old_shop,
          hangedman_abyss_or_decor_passed, kennysheep_random_hallway
Hell
Dis:1:    layout_jigsaw, lemuel_dis_dragons
Dis:2:    layout_regular_city
Dis:3:    layout_overlapping_boxes, hangedman_dis_chains,
          hangedman_dis_decor_tower
Dis:4:    layout_subdivisions
Dis:5:    layout_subdivisions
Dis:6:    layout_subdivisions, nicolae_dis_distal_crystal
Dis:7:    dis_grunt_layers
Geh:1:    layout_gehenna_pools_basic, lemuel_flamethrower_3
Geh:2:    layout_gehenna_lava_caves
Geh:3:    layout_gehenna_pools_triple, nicolae_geh_liches_on_tour
Geh:4:    layout_gehenna_pools_triple
Geh:5:    layout_gehenna_pools_triple, nicolae_geh_lava_lounge
Geh:6:    layout_gehenna_pools_box
Geh:7:    geh_old

Skill      XL: |  1  2  3  4  5  6  7  8  9 10 11 12 13 14 15 16 17 18 19 20 21 22 23 24 25 26 27 |
---------------+----------------------------------------------------------------------------------+-----
Maces & Flails | 4 5 6 8 10 12 13 15 16 18 19 20 21 22 23 24 25 26 27 | 27.0
Armour         | 3 4 5 6 7 9 10 12 13 14 15 16 17 18 19 20 21 22 23 24 27 | 27.0
Fighting       | 4 5 7 8 9 10 12 13 14 15 16 17 18 19 20 21 22 23 24 25 27 | 27.0
Shields        | 2 7 9 11 13 14 15 17 18 19 20 21 22 25 | 25.5
Invocations    | 2 7 10 16 | 16.9
Dodging        | |  1.5

Action                   |  1- 3 |  4- 6 |  7- 9 | 10-12 | 13-15 | 16-18 | 19-21 | 22-24 | 25-27 || total
-------------------------+-------+-------+-------+-------+-------+-------+-------+-------+-------++-------
Melee: Mace              |   107 |    42 |       |       |       |       |       |       |       ||   149
       Punch             |       |     1 |     3 |    11 |    20 |       |       |       |       ||    35
       War axe           |       |    61 |    38 |       |       |       |       |       |       ||    99
       Morningstar       |       |       |   177 |   829 |   775 |   483 |       |       |       ||  2264
       Demon whip        |       |       |       |       |       |  1056 |  1409 |   631 |       ||  3096
       Eveningstar       |       |       |       |       |       |       |       |   976 |  1089 ||  2065
       Sacred scourge    |       |       |       |       |       |       |       |   113 |  1942 ||  2055
Invok: Berserk           |     2 |     3 |     8 |    11 |    14 |    18 |     7 |     2 |       ||    65
       Divine Shield     |       |       |       |       |       |       |       |     1 |    21 ||    22
       Brand Weapon With |       |       |       |       |       |       |       |     1 |       ||     1
Evoke: Wand              |       |       |       |       |       |       |       |     1 |    13 ||    14
  Use: Scroll            |     3 |       |    10 |    12 |     9 |     3 |    16 |    11 |    12 ||    76
       Potion            |       |       |     1 |       |     2 |     2 |     1 |     1 |     3 ||    10
 Stab: Petrified         |       |       |       |       |     2 |     5 |       |       |       ||     7
       Held in net/web   |       |       |       |       |       |     1 |       |       |       ||     1
Armor: Animal skin       |    35 |       |       |       |       |       |       |       |       ||    35
       Chain mail        |    18 |    62 |    63 |       |       |       |       |       |       ||   143
       Crystal plate arm |       |       |   121 |   745 |   475 |   975 |   729 |   879 |  1852 ||  5776
Dodge: Dodged            |    55 |    23 |    63 |   228 |   123 |   219 |   190 |   346 |   544 ||  1791
       Repelled          |       |       |       |       |       |     1 |    11 |     9 |    28 ||    49
Block: Other             |       |       |       |    52 |    79 |       |       |       |       ||   131
       Kite shield       |       |       |       |       |    95 |  1146 |   968 |  1044 |  2445 ||  5698
       Reflection        |       |       |       |       |     2 |    37 |    78 |    37 |       ||   154
